 Dungeon Crawl Stone Soup version 0.22.1-2-g9c5b331 (webtiles) character file.

13270 dvd the Thaumaturge (level 12, -17/93 HPs)
             Began as a Gnoll Skald on Nov 18, 2018.
             Was a Believer of Ashenzari.
             Demolished by a frost giant
             ... wielding a +2 battleaxe of freezing
              (36 damage)
             ... in an ice cave.
             The game lasted 00:43:06 (9673 turns).

dvd the Thaumaturge (Gnoll Skald)                   Turns: 9673, Time: 00:43:09

Health: -17/93     AC: 18    Str: 25    XL:     12   Next: 4%
Magic:  24/24      EV: 19    Int: 20    God:    Ashenzari [**....]
Gold:   255        SH:  0    Dex: 16    Spells: 13/28 levels left

rFire    + . .     SeeInvis .   I - +7 quarterstaff (chaos)
rCold    + . .     Gourm    .   (shield currently unavailable)
rNeg     . . .     Faith    .   w - +2 robe of Shadows and Fog {*Corrode MR++ Regen+ Str+3} (curse)
rPois    +         Spirit   .   t - +2 helmet (curse)
rElec    +         Reflect  .   e - +2 cloak {rPois} (curse)
rCorr    +         Harm     .   J - +2 pair of gloves (curse)
MR       ++...                  (no boots)
Stlth    ++++......             z - amulet of the acrobat
HPRegen  0.65/turn              u - +4 ring of intelligence
MPRegen  0.19/turn              l - +4 ring of protection

@: mighty, resistant, hasted, very quick
A: distributed training, claws 1, fangs 1, talons 1, blink, strong nose
a: Blink, Curse Item, Scrying, Renounce Religion


You were in an ice cave.
You worshipped Ashenzari.
Ashenzari was pleased with you.
You were not hungry.

You visited 2 branches of the dungeon, and saw 12 of its levels.
You also visited: Ice Cave.

You collected 748 gold pieces.
You spent 493 gold pieces at shops.

Inventory:

Hand Weapons
 a - a +0 falchion of freezing
 x - a +0 scimitar of flaming
 F - the +5 flail "Daoq Kyd" {freeze, rElec Str+4 Dex+2 SInv}
   (You found it on level 8 of the Dungeon)

   It has been specially enchanted to freeze those struck by it, causing extra
   injury to most foes and up to half again as much damage against particularly
   susceptible opponents.
   It can also slow down cold-blooded creatures.
   It affects your strength (+4).
   It affects your dexterity (+2).
   It insulates you from electricity.
   It lets you see invisible.
 H - a +3 trident
 I - a +7 quarterstaff of chaos (weapon)
Missiles
 r - 20 tomahawks (quivered)
Armour
 e - a cursed +2 cloak of poison resistance (worn)
 k - a +0 large shield
 m - a +0 buckler
 t - a cursed +2 helmet (worn)
 v - the +0 pair of gloves of Gozag's Pride {Str+3 Stlth+}
   (You found it on level 11 of the Dungeon)

   It affects your strength (+3).
   It makes you more stealthy.
 w - the cursed +2 robe of Shadows and Fog (worn) {*Corrode MR++ Regen+ Str+3}
   (You bought it in a shop on level 9 of the Dungeon)

   It affects your strength (+3).
   It affects your resistance to hostile enchantments.
   It increases your rate of regeneration.
   It may corrode you when you take damage.
   It has a curse placed upon it.
 J - a cursed +2 pair of gloves (worn)
Jewellery
 j - an uncursed ring of wizardry
 l - a +4 ring of protection (right hand)
 u - a +4 ring of intelligence (left hand)
 z - an amulet of the acrobat (around neck)
Wands
 c - a wand of polymorph (11)
 A - a wand of iceblast (19)
 K - a wand of acid (3)
 L - a wand of digging (13)
Scrolls
 f - 13 scrolls of identify
 g - 4 scrolls of enchant armour
 n - 4 scrolls of immolation
 s - 2 scrolls of teleportation
 y - a scroll of amnesia
 B - a scroll of remove curse
Potions
 i - a potion of degeneration
 o - 2 potions of magic
 p - 3 potions of curing
 D - a potion of haste
 M - a potion of brilliance {unknown}
Comestibles
 d - 28 rations
 h - a chunk of flesh


   Skills:
 + Level 8.2 Fighting
 + Level 6.7 Short Blades
 + Level 6.7 Long Blades
 + Level 8.2 Axes
 + Level 6.7 Maces & Flails
 + Level 6.7 Polearms
 + Level 6.7 Staves
 + Level 6.7 Slings
 + Level 6.7 Bows
 + Level 6.7 Crossbows
 + Level 6.7 Throwing
 + Level 7.3 Armour
 + Level 8.2(9.7) Dodging
 + Level 6.7(8.2) Stealth
 + Level 6.7 Shields
 + Level 6.7 Unarmed Combat
 + Level 8.5 Spellcasting
 + Level 5.6 Conjurations
 + Level 5.6 Hexes
 + Level 7.9 Charms
 + Level 5.6 Summonings
 + Level 5.6 Necromancy
 + Level 5.6 Translocations
 + Level 5.6 Transmutations
 + Level 5.6 Fire Magic
 + Level 5.6 Ice Magic
 + Level 5.6 Air Magic
 + Level 5.6 Earth Magic
 + Level 5.6 Poison Magic
 + Level 7.4 Invocations
 + Level 6.7 Evocations


You had 13 spell levels left.
You knew the following spells:

 Your Spells              Type           Power        Failure   Level  Hunger
a - Infusion              Chrm           ####         1%          1    None
b - Shroud of Golubria    Chrm/Tloc      #####.....   1%          2    None
c - Song of Slaying       Chrm           #####...     1%          2    None
d - Regeneration          Chrm/Necr      #####.....   1%          3    None
e - Spectral Weapon       Hex/Chrm       #####...     1%          3    None
f - Animate Dead          Necr           N/A          9%          4    ###....

Your spell library contained the following spells:

 Spells                   Type           Power        Failure   Level  Hunger
 Animate Skeleton         Necr           N/A          1%          1    None
 Apportation              Tloc           ####..       1%          1    None
 Confusing Touch          Hex            ####..       1%          1    None
 Corona                   Hex            ####...      1%          1    None
 Freeze                   Ice            ####         1%          1    None
 Magic Dart               Conj           ####         1%          1    None
 Pain                     Necr           ####         1%          1    None
 Summon Small Mammal      Summ           ####         1%          1    None
 Ensorcelled Hibernation  Hex/Ice        ####..       1%          2    None
 Searing Ray              Conj           ####..       1%          2    None
 Throw Frost              Conj/Ice       ####..       1%          2    None
 Ozocubu's Armour         Chrm/Ice       #####...     1%          3    None
 Confuse                  Hex            ####....     2%          3    None
 Dazzling Spray           Conj/Hex       ####..       2%          3    None
 Tukima's Dance           Hex            ####....     2%          3    None
 Vampiric Draining        Necr           ####......   2%          3    None
 Force Lance              Conj/Tloc      ####....     9%          4    ###....
 Fulminant Prism          Conj/Hex       ####......   9%          4    ###....
 Iskenderun's Mystic Bla  Conj           ####....     9%          4    ###....
 Summon Ice Beast         Ice/Summ       ####....     9%          4    ###....
 Throw Icicle             Conj/Ice       ####....     9%          4    ###....


Dungeon Overview and Level Annotations

Branches:
Dungeon (11/15)            Temple (1/1) D:6            Lair (0/6) D:10
    Orc: D:9-12

Altars:
Ashenzari
Cheibriados
Dithmenos
Elyvilon
Fedhas
Gozag
Hepliaklqana
Kikubaaqudgha
Makhleb
Nemelex Xobeh
Okawaru
Qazlal
Ru
Sif Muna
Trog
Uskayaw
Vehumet
Wu Jian
Xom
Yredelemnul
Zin
The Shining One

Shops:
D:5 ?   D:9 *


Innate Abilities, Weirdness & Mutations

Your experience applies equally to all skills.
You have very sharp teeth.
Your uncanny sense of smell can sniff out nearby items.
You have sharp fingernails.
You have sharp toenails.
You can translocate small distances at will.


Message History

You thump the frost giant! Your kick misses the frost giant.
The frost giant is moderately wounded.
Your wolf zombie barely misses the polar bear.
The polar bear closely misses you. x3
Unknown command.
You sock the frost giant!
Lightning courses through the frost giant!
You claw the frost giant. You bite the frost giant!
The frost giant is severely wounded.
Your wolf zombie bites the polar bear.
The frost giant casts a spell at you. The bolt of cold hits you! You resist.
* * * LOW HITPOINT WARNING * * *
You feel much better.
Your wolf zombie bites the polar bear.
The polar bear bites you!
* * * LOW HITPOINT WARNING * * *
The polar bear claws you but does no damage.
The polar bear closely misses you.
The frost giant hits you with a battleaxe of freezing!!!
You die...

, ≈≈≈≈≈ * ∆ ,, ≈, ∩*
≈≈≈≈≈ * * #≈≈# ##,,,
* ≈ #####{ ###.., *
≈≈ ###.ZZ## #...Y# ≈
≈≈##.Z##..Z #..hkh# ≈
≈≈ *#.{#####Z
#hhYC##########Z.#,
##
**#Yh@##Z..##...#..#∆
###Z..##...#######*∆
########## *


You could see a frost giant, 5 polar bears, 3 yaks, a rime drake and a friendly
wolf zombie.

Vanquished Creatures
  Erica (D:8)
  2 two-headed ogres
  A death yak (IceCv)
  Maurice (D:8)
  Psyche (D:8)
  A kobold demonologist (D:11)
  A komodo dragon (D:9)
  9 polar bears (IceCv)
  Prince Ribbit (D:7)
  A spriggan (D:8)
  Grum (D:10)
  A hungry ghost (D:10)
  2 wraiths (D:10)
  11 yaks (IceCv)
  A water moccasin (D:9)
  4 orc warriors
  A phantom (D:4)
  An ice beast (D:6)
  4 ogres
  4 sky beasts
  14 wolves
  2 centaurs
  2 big kobolds
  2 bullfrogs
  A wyvern zombie (D:9)
  A wyvern skeleton (D:11)
  2 scorpions
  9 killer bees
  6 howler monkeys
  3 crimson imps (D:9)
  Crazy Yiuf (D:7)
  7 orc priests
  5 hounds
  10 orc wizards
  Jessica (D:3)
  A bullfrog skeleton (D:7)
  2 iguanas
  7 worker ants
  A hound zombie (D:5)
  A howler monkey skeleton (D:4)
  8 gnolls
  8 adders
  2 shadow imps
  12 white imps (D:11)
  An ooze (D:5)
  An adder zombie (D:6)
  2 worms
  3 dart slugs
  A leopard gecko (D:4)
  32 orcs
  7 bats
  7 giant cockroaches
  34 goblins
  29 hobgoblins
  14 jackals
  6 quokkas
  7 frilled lizards
  13 kobolds
  A leopard gecko skeleton (D:4)
  A quokka skeleton (D:8)
  2 quokka zombies
  10 rats
328 creatures vanquished.

Vanquished Creatures (collateral kills)
  A wolf (IceCv)
1 creature vanquished.

Vanquished Creatures (others)
  5 spectral weapons
5 creatures vanquished.

Grand Total: 334 creatures vanquished

Notes
Turn   | Place    | Note
-------+----------+-------------------------------------------
     0 | D:1      | dvd the Gnoll Skald began the quest for the Orb.
     0 | D:1      | Reached XP level 1. HP: 20/20 MP: 6/6
   379 | D:1      | Reached XP level 2. HP: 26/26 MP: 7/7
   913 | D:2      | Learned a level 2 spell: Shroud of Golubria
   916 | D:2      | Learned a level 2 spell: Song of Slaying
   950 | D:2      | Reached skill level 5 in Spellcasting
   950 | D:2      | Reached XP level 3. HP: 31/31 MP: 5/9
   978 | D:2      | Found a white marble altar of Elyvilon.
  1139 | D:2      | Reached skill level 1 in Invocations
  1140 | D:2      | Reached skill level 1 in Short Blades
  1140 | D:2      | Reached skill level 1 in Long Blades
  1140 | D:2      | Reached skill level 1 in Maces & Flails
  1140 | D:2      | Reached skill level 1 in Polearms
  1140 | D:2      | Reached skill level 1 in Staves
  1140 | D:2      | Reached skill level 1 in Slings
  1140 | D:2      | Reached skill level 1 in Bows
  1140 | D:2      | Reached skill level 1 in Crossbows
  1140 | D:2      | Reached skill level 1 in Throwing
  1140 | D:2      | Reached skill level 1 in Stealth
  1140 | D:2      | Reached skill level 1 in Shields
  1140 | D:2      | Reached skill level 1 in Unarmed Combat
  1140 | D:2      | Reached skill level 1 in Evocations
  1144 | D:2      | Reached XP level 4. HP: 22/38 MP: 1/11
  1400 | D:2      | Found a shadowy altar of Dithmenos.
  1634 | D:3      | Noticed Jessica
  1646 | D:3      | Killed Jessica
  1646 | D:3      | Reached skill level 1 in Conjurations
  1646 | D:3      | Reached skill level 1 in Hexes
  1646 | D:3      | Reached skill level 1 in Summonings
  1646 | D:3      | Reached skill level 1 in Necromancy
  1646 | D:3      | Reached skill level 1 in Translocations
  1646 | D:3      | Reached skill level 1 in Transmutations
  1646 | D:3      | Reached skill level 1 in Fire Magic
  1646 | D:3      | Reached skill level 1 in Ice Magic
  1646 | D:3      | Reached skill level 1 in Air Magic
  1646 | D:3      | Reached skill level 1 in Earth Magic
  1646 | D:3      | Reached skill level 1 in Poison Magic
  1646 | D:3      | Reached XP level 5. HP: 37/43 MP: 6/12
  1776 | D:3      | Learned a level 3 spell: Regeneration
  1780 | D:3      | Learned a level 3 spell: Spectral Weapon
  2219 | D:3      | Found a glowing golden altar of the Shining One.
  2580 | D:4      | Reached XP level 6. HP: 50/50 MP: 10/13
  2623 | D:4      | Noticed a phantom
  2655 | D:4      | Killed a phantom
  2655 | D:4      | Reached skill level 5 in Fighting
  2655 | D:4      | Reached skill level 5 in Axes
  2655 | D:4      | Reached skill level 5 in Dodging
  3049 | D:4      | Reached XP level 7. HP: 56/56 MP: 11/15
  3426 | D:4      | Found a white marble altar of Elyvilon.
  3428 | D:4      | Found a bloodstained altar of Trog.
  3428 | D:4      | Found an ancient bone altar of Kikubaaqudgha.
  3430 | D:4      | Found a basalt altar of Yredelemnul.
  3430 | D:4      | Found a shimmering altar of Xom.
  3430 | D:4      | Found a hide-covered altar of Uskayaw.
  3506 | D:4      | Found a sacrificial altar of Ru.
  3787 | D:5      | Entered Level 5 of the Dungeon
  3861 | D:5      | Found Fuaqonos's Magic Scroll Shop.
  3883 | D:5      | Bought a scroll of remove curse for 39 gold pieces
  3932 | D:5      | Gained mutation: You can translocate small distances at
                  | will. [potion of mutation]
  3932 | D:5      | Gained mutation: You have sharp toenails. [potion of
                  | mutation]
  3932 | D:5      | Gained mutation: You have sharp fingernails. [potion of
                  | mutation]
  3971 | D:5      | Reached XP level 8. HP: 63/63 MP: 13/16
  5164 | D:6      | Found a staircase to the Ecumenical Temple.
  5173 | Temple   | Entered the Ecumenical Temple
  5183 | Temple   | Became a worshipper of Ashenzari the Shackled
  5327 | D:6      | Reached XP level 9. HP: 28/69 MP: 18/18
  5598 | D:7      | Found a runed door.
  5602 | D:7      | Noticed Crazy Yiuf
  5623 | D:7      | Killed Crazy Yiuf
  5814 | D:7      | Noticed Prince Ribbit
  5837 | D:7      | Killed Prince Ribbit
  5837 | D:7      | Reached skill level 5 in Armour
  6325 | D:8      | Noticed Maurice
  6345 | D:8      | Killed Maurice
  6345 | D:8      | Reached skill level 5 in Invocations
  6392 | D:8      | Noticed a two-headed ogre
  6397 | D:8      | Killed a two-headed ogre
  6397 | D:8      | Reached XP level 10. HP: 46/77 MP: 15/20
  6503 | D:8      | Noticed Psyche
  6508 | D:8      | Killed Psyche
  6508 | D:8      | Reached skill level 5 in Short Blades
  6508 | D:8      | Reached skill level 5 in Long Blades
  6508 | D:8      | Reached skill level 5 in Maces & Flails
  6508 | D:8      | Reached skill level 5 in Polearms
  6508 | D:8      | Reached skill level 5 in Staves
  6508 | D:8      | Reached skill level 5 in Slings
  6508 | D:8      | Reached skill level 5 in Bows
  6508 | D:8      | Reached skill level 5 in Crossbows
  6508 | D:8      | Reached skill level 5 in Throwing
  6508 | D:8      | Reached skill level 5 in Stealth
  6508 | D:8      | Reached skill level 5 in Shields
  6508 | D:8      | Reached skill level 5 in Unarmed Combat
  6508 | D:8      | Reached skill level 5 in Evocations
  6522 | D:8      | Noticed Erica
  6534 | D:8      | Killed Erica
  6583 | D:8      | Reached * piety under Ashenzari
  6675 | D:8      | Got the flail "Daoq Kyd" {freeze, rElec Str+4 Dex+2 SInv}
  6676 | D:8      | Identified the +5 flail "Daoq Kyd" {freeze, rElec Str+4
                  | Dex+2 SInv} (You found it on level 8 of the Dungeon)
  7099 | D:8      | Learned a level 4 spell: Animate Dead
  7296 | D:9      | Found an iron altar of Okawaru.
  7316 | D:9      | Found Tihahuuf's Assorted Antiques.
  7337 | D:9      | Bought an ichor-stained robe for 182 gold pieces
  7347 | D:9      | Identified the +2 robe of Shadows and Fog {*Corrode MR++
                  | Regen+ Str+3} (You bought it in a shop on level 9 of the
                  | Dungeon)
  7971 | D:10     | Entered Level 10 of the Dungeon
  8190 | D:5      | Bought a scroll of remove curse for 39 gold pieces
  8190 | D:5      | Bought a scroll of enchant weapon for 97 gold pieces
  8190 | D:5      | Bought a scroll of remove curse for 39 gold pieces
  8190 | D:5      | Bought a scroll of enchant weapon for 97 gold pieces
  8291 | D:10     | Reached XP level 11. HP: 84/84 MP: 18/22
  8372 | D:10     | Noticed a two-headed ogre
  8376 | D:10     | Noticed Grum
  8379 | D:10     | Killed a two-headed ogre
  8386 | D:10     | Killed Grum
  8417 | D:10     | Reached ** piety under Ashenzari
  8620 | D:10     | Found a staircase to the Lair.
  8889 | D:11     | Found a frozen archway.
  8900 | D:11     | Noticed a soul eater
  8909 | D:11     | Reached skill level 5 in Conjurations
  8909 | D:11     | Reached skill level 5 in Hexes
  8909 | D:11     | Reached skill level 5 in Summonings
  8909 | D:11     | Reached skill level 5 in Necromancy
  8909 | D:11     | Reached skill level 5 in Translocations
  8909 | D:11     | Reached skill level 5 in Transmutations
  8909 | D:11     | Reached skill level 5 in Fire Magic
  8909 | D:11     | Reached skill level 5 in Ice Magic
  8909 | D:11     | Reached skill level 5 in Air Magic
  8909 | D:11     | Reached skill level 5 in Earth Magic
  8909 | D:11     | Reached skill level 5 in Poison Magic
  8952 | D:11     | Identified the +0 pair of gloves of Gozag's Pride {Str+3
                  | Stlth+}
  8975 | IceCv    | Entered an ice cave
  9038 | IceCv    | HP: 2/85 [something (13)]
  9220 | IceCv    | Noticed a death yak
  9238 | IceCv    | Killed a death yak
  9561 | IceCv    | Reached XP level 12. HP: 86/93 MP: 11/24
  9659 | IceCv    | Noticed a frost giant
  9673 | IceCv    | Demolished by a frost giant

Skill      XL: |  1  2  3  4  5  6  7  8  9 10 11 |
---------------+----------------------------------+-----
Spellcasting   | 5 6 7 8 |  8.5
Invocations    | 1 2 3 4 5 6 7 |  7.4
Short Blades   | 1 2 3 4 5 6 |  6.7
Long Blades    | 1 2 3 4 5 6 |  6.7
Maces & Flails | 1 2 3 4 5 6 |  6.7
Polearms       | 1 2 3 4 5 6 |  6.7
Staves         | 1 2 3 4 5 6 |  6.7
Slings         | 1 2 3 4 5 6 |  6.7
Bows           | 1 2 3 4 5 6 |  6.7
Crossbows      | 1 2 3 4 5 6 |  6.7
Throwing       | 1 2 3 4 5 6 |  6.7
Stealth        | 1 2 3 4 5 6 |  6.7
Shields        | 1 2 3 4 5 6 |  6.7
Unarmed Combat | 1 2 3 4 5 6 |  6.7
Evocations     | 1 2 3 4 5 6 |  6.7
Conjurations   | 1 2 3 4 5 |  5.6
Hexes          | 1 2 3 4 5 |  5.6
Summonings     | 1 2 3 4 5 |  5.6
Necromancy     | 1 2 3 4 5 |  5.6
Translocations | 1 2 3 4 5 |  5.6
Transmutations | 1 2 3 4 5 |  5.6
Fire Magic     | 1 2 3 4 5 |  5.6
Ice Magic      | 1 2 3 4 5 |  5.6
Air Magic      | 1 2 3 4 5 |  5.6
Earth Magic    | 1 2 3 4 5 |  5.6
Poison Magic   | 1 2 3 4 5 |  5.6
Armour         | 3 4 5 6 7 |  7.3
Fighting       | 5 6 7 8 |  8.2
Axes           | 5 6 7 8 |  8.2
Dodging        | 5 6 7 8 |  8.2
Charms         | 6 7 |  7.9

Action                   |  1- 3 |  4- 6 |  7- 9 | 10-12 || total
-------------------------+-------+-------+-------+-------++-------
Melee: Hand axe          |   117 |   137 |       |       ||   254
       Bite              |    11 |    23 |    34 |    39 ||   107
       Long sword        |       |    45 |   249 |       ||   294
       Kick              |       |       |    49 |   112 ||   161
       Quarterstaff      |       |       |    75 |   112 ||   187
       Flail             |       |       |       |   177 ||   177
       Punch             |       |       |       |     5 ||     5
Throw: Tomahawk          |       |    11 |    10 |     1 ||    22
 Cast: Infusion          |     6 |     3 |     8 |     1 ||    18
       Shroud of Golubri |     3 |     8 |    10 |    15 ||    36
       Spectral Weapon   |       |     4 |    20 |    15 ||    39
       Song of Slaying   |       |     3 |     6 |     4 ||    13
       Regeneration      |       |       |    14 |    18 ||    32
       Animate Dead      |       |       |       |     5 ||     5
Invok: Curse Item        |       |       |     1 |     3 ||     4
 Abil: Blink             |       |       |     2 |     1 ||     3
Evoke: Wand              |       |       |     2 |     3 ||     5
  Use: Potion            |       |       |     9 |     4 ||    13
       Scroll            |       |       |     3 |    18 ||    21
 Stab: Distracted        |       |     1 |     1 |     5 ||     7
       Sleeping          |       |       |     1 |     8 ||     9
       Paralysed         |       |       |     2 |       ||     2
       Confused          |       |       |       |     1 ||     1
  Eat: Chunk             |     1 |     7 |    13 |    13 ||    34
Armor: Leather armour    |    38 |    13 |       |       ||    51
       Ring mail         |       |    57 |    64 |       ||   121
       Scale mail        |       |       |    84 |     4 ||    88
       Robe              |       |       |       |   119 ||   119
Dodge: Dodged            |   100 |   144 |   227 |   327 ||   798
Block: Buckler           |    16 |    53 |    60 |     1 ||   130
       Large shield      |       |       |       |    38 ||    38
       Rpst.: Long sword |       |    13 |    37 |       ||    50
